 Dungeon Crawl Stone Soup version 0.31-a0-167-g1c394c0614 (webtiles) character file.

Game seed: 15299924895631140915

216 qw the Chopper (level 5, -5/32 HPs)
             Began as a Gargoyle Fighter on June 14, 2023.
             Constricted to death by Pikel (9 damage)
             ... on level 4 of the Dungeon.
             The game lasted 00:01:39 (2911 turns).

qw the Chopper (Gargoyle Fighter)                   Turns: 2911, Time: 00:01:40

Health: -5/32      AC: 15    Str: 21    XL:     5   Next: 93%
Magic:  5/5        EV:  6    Int:  9    God:
Gold:   202        SH:  4    Dex:  9    Spells: 4/4 levels left

rFire   + . .        Y - +0 war axe
rCold   . . .        c - +0 buckler
rNeg    + . .        b - +0 scale mail
rPois   inf          a - +0 helmet
rElec   +            (no cloak)
rCorr   .            o - +0 pair of gloves
SInv    .            t - +1 pair of boots
Will    .....        (no amulet) Stlth
                     q - ring of protection from fire
HPRegen 0.25/turn    (no ring)
MPRegen 0.09/turn

%: no passive effects
@: about to teleport, grasped by roots, constricted
A: sickness immunity, AC +4, negative energy resistance 1, electricity
resistance, torment resistance 1, petrification resistance
a: no special abilities


You were on level 4 of the Dungeon.
You visited 2 branches of the dungeon, and saw 5 of its levels.

You collected 202 gold pieces.


Innate Abilities, Weirdness & Mutations

You are immune to sickness and miasma.
Your stone body is resilient. (AC +4)
You are immune to poison.
You resist negative energy. (rN+)
You are resistant to electric shocks. (rElec)
You are resistant to unholy torment.
You are immune to petrification.


   Skills:
 + Level 3.4 Fighting
 - Level 5.0 Axes
 - Level 1.4 Throwing
 - Level 3.2 Armour
 - Level 3.2 Shields


You had 4 spell levels left.
You didn't know any spells.
Your spell library was empty.

Inventory:

Hand Weapons
 j - a +0 flail
 Y - a +0 war axe (weapon)
Armour
 a - a +0 helmet (worn)
 b - a +0 scale mail (worn)
 c - a +0 buckler (worn)
 o - a +0 pair of gloves (worn)
 t - a +1 pair of boots (worn)
Jewellery
 q - a ring of protection from fire (left hand)
Wands
 k - a wand of digging (7)
Scrolls
 e - a scroll of identify
Potions
 d - 3 potions of might
 f - a potion of curing
 g - a potion of degeneration {unknown}
 h - a potion of heal wounds {unknown}
 l - a potion of mutation {unknown}
 n - a potion of berserk rage {unknown}
 p - a potion of brilliance {unknown}

Dungeon Overview and Level Annotations

Branches:
Dungeon (4/15)             Temple (1/1) D:4

Altars:
Dithmenos
Hepliaklqana
Kikubaaqudgha
Makhleb
Nemelex Xobeh
Qazlal
Ru
Sif Muna
Trog
Uskayaw
Vehumet
Wu Jian
Yredelemnul
The Shining One

Annotations:
D:4 Pikel


Message History

Enter note:
Enter note:
Enter note:
Enter note:
Enter note:
Enter note:
Enter note:
Enter note:
Enter note:
Enter note:
Enter note:
Enter note:
Enter note:
Enter note: You barely miss the lemure.
You closely miss the lemure. The grasping roots constrict you!
The lemure hits you but does no damage. x2
The grasping roots constrict you. The lemure hits you but does no damage.
The lemure closely misses you.
You barely miss the lemure. You hit the lemure but do no damage.
The grasping roots constrict you! The lemure hits you.
The grasping roots release their grip on you.
2909 ||| READING scroll of teleportation.
As you read the scroll of teleportation, it crumbles to dust.
You feel strangely unstable. The lemure barely misses you.
The lemure hits you but does no damage.
You slash the lemure!
The lemure is moderately wounded.
You closely miss the lemure. You closely miss Pikel. You hit the lemure.
Pikel zaps a wand.
The roots erupt in riotous growth!
The grasping roots grab you!
The lemure is unaffected. x2; Pikel is unaffected.
The lemure is unaffected.
The grasping roots constrict you. The lemure hits you.
The lemure barely misses you. The lemure hits you but does no damage.
You hit the lemure.
The lemure is heavily wounded.
You barely miss the lemure. You hit Pikel. You hit the lemure.
Pikel hits you but does no damage. The grasping roots constrict you.
The lemure hits you but does no damage. x3; The lemure closely misses you.
Pikel closely misses you. The grasping roots constrict you!
You die...

######### ######
#.......#######.....
#.......#.....#.....
#.......#.....#.....
#.......#.....#.....
#####.......#'#####.....
........................
......5.................
......K@................
......555...............
........................
..(.....................
#######.................
#.....####+.......
#.....+.....#.#.#.
#.....#...........
#.....#.....#.....


You could see Pikel and 4 lemures.

Vanquished Creatures
  A jelly (D:4)
  Natasha (D:2)
  An orc wizard (D:3)
  Robin (D:2)
  4 adders
  A worm (D:3)
  4 orcs (D:3)
  7 bats
  6 endoplasms
  2 giant cockroaches (D:2)
  14 goblins
  9 hobgoblins
  9 jackals
  3 quokkas
  5 ball pythons
  A frilled lizard (D:1)
  6 kobolds
  4 rats
79 creatures vanquished.

Notes
Turn   | Place    | Note
-------+----------+-------------------------------------------
     0 | D:1      | qw the Gargoyle Fighter began the quest for the Orb.
     0 | D:1      | Reached XP level 1. HP: 14/14 MP: 1/1
     0 | D:1      | 0 ||| qw: Version: 0.2-a-29-g1fa15c8
     0 | D:1      | 0 ||| qw: Game counter: 4921
     0 | D:1      | 0 ||| qw: Always use a shield: true
     0 | D:1      | 0 ||| qw: God list: Okawaru
     0 | D:1      | 0 ||| qw: Allow faded altars: false
     0 | D:1      | 0 ||| qw: Do Orc after D:15 true
     0 | D:1      | 0 ||| qw: Do second Lair branch before Depths: true
     0 | D:1      | 0 ||| qw: Lair rune preference: random
     0 | D:1      | 0 ||| qw: Plans: Normal, Zot:1-4, Slime:5, God:TSO, Crypt,
                  | Tomb, Abyss, Pan, Hells, Win
     0 | D:1      | 0 ||| PLANNING D:1-11
   114 | D:1      | Reached skill level 2 in Axes
   440 | D:1      | Reached XP level 2. HP: 18/19 MP: 2/2
   631 | D:1      | 631 ||| DROPPING +0 club.
   945 | D:1      | 945 ||| READING scroll labelled XYNTOA NISSA.
   946 | D:1      | 946 ||| DRINKING 2 lumpy green potions.
   960 | D:2      | Noticed Robin
   966 | D:2      | Reached skill level 3 in Axes
   967 | D:2      | Reached XP level 3. HP: 19/23 MP: 3/3
   973 | D:2      | Killed Robin
  1048 | D:2      | 1048 ||| Stepping ~*~*~tactically~*~*~ (stealth).
  1051 | D:2      | 1051 ||| Stepping ~*~*~tactically~*~*~ (hiding).
  1072 | D:2      | Reached XP level 4. HP: 27/28 MP: 4/4
  1201 | D:2      | 1201 ||| Stepping ~*~*~tactically~*~*~ (stealth).
  1202 | D:2      | 1202 ||| Stepping ~*~*~tactically~*~*~ (stealth).
  1255 | D:2      | Reached skill level 4 in Axes
  1349 | D:2      | Noticed Natasha
  1354 | D:2      | Killed Natasha
  1547 | D:2      | 1547 ||| UPGRADING to +0 helmet.
  1552 | D:2      | 1552 ||| UPGRADING to +0 pair of gloves.
  1557 | D:2      | 1557 ||| UPGRADING to +1 pair of boots.
  1562 | D:2      | 1562 ||| UPGRADING to ring of protection from fire.
  1563 | D:2      | 1563 ||| READING scroll labelled ZIFIET LEBA.
  1564 | D:2      | 1564 ||| READING scroll labelled SOVEDE QADERA.
  1565 | D:2      | 1565 ||| READING scroll labelled GAKKICA MAOR.
  1570 | D:2      | 1570 ||| READING scroll labelled FOMEEV BIRYRIN.
  1571 | D:2      | 1571 ||| READING scroll labelled XAQAIB ZAOVE.
  1761 | D:3      | Reached XP level 5. HP: 32/32 MP: 5/5
  1948 | D:3      | 1948 ||| READING 2 scrolls labelled VUGOIZO LIHI.
  1949 | D:3      | 1949 ||| READING scroll labelled OWNUINKI VOGH.
  2032 | D:3      | Found a burning altar of Makhleb.
  2032 | D:3      | Noticed an Executioner
  2035 | D:3      | Noticed a neqoxec
  2035 | D:3      | Noticed an orange demon
  2056 | D:3      | 2056 ||| Stepping ~*~*~tactically~*~*~ (stealth).
  2060 | D:3      | 2060 ||| DROPPING +0 whip.
  2073 | D:3      | Reached skill level 1 in Throwing
  2099 | D:3      | 2099 ||| DROPPING +0 mace.
  2215 | D:3      | 2215 ||| READING 2 scrolls labelled HIJIGE IKKUTA.
  2236 | D:3      | 2236 ||| DROPPING scroll of torment.
  2331 | D:3      | Found a basalt altar of Yredelemnul.
  2566 | D:3      | 2566 ||| DRINKING 2 fuming ruby potions.
  2567 | D:3      | 2567 ||| DROPPING potion of enlightenment.
  2629 | D:4      | Reached skill level 5 in Axes
  2682 | D:4      | 2682 ||| Stepping ~*~*~tactically~*~*~ (stealth).
  2766 | D:4      | Found a staircase to the Ecumenical Temple.
  2767 | D:4      | 2767 ||| PLANNING TEMPLE
  2775 | Temple   | Entered the Ecumenical Temple
  2788 | Temple   | 2788 ||| PLANNING D:1-11
  2903 | D:4      | Noticed a lemure
  2903 | D:4      | Noticed a lemure
  2904 | D:4      | Noticed Pikel
  2904 | D:4      | Noticed a lemure
  2905 | D:4      | Noticed a lemure
  2908 | D:4      | HP: 8/32 [lemure[Pikel] (1)]
  2909 | D:4      | 2909 ||| READING scroll of teleportation.
  2911 | D:4      | Constricted to death by Pikel

Levels and vault maps discovered:
D:1:      lightli_arrival_statue_moat, layout_basic, st_stairs_1
D:2:      layout_rooms, minmay_distorted, uniq_robin, uniq_natasha
D:3:      layout_basic, mainiacjoe_overflow_cross_hatched,
          makhleb_altar_promises_db, serial_co_window_serial, co_window_paths_a,
          co_window_paths_a, co_window_corner_a, co_window_corner_a,
          co_window_paths_a, co_window_corner_ca, co_window_of_opportunity_b,
          co_window_paths_c, co_window_of_opportunity_c, co_window_4corner_b,
          glass_columns_c, glass_columns_a, glass_columns_b, glass_columns_b,
          minmay_misc_feat_diagonals, chequers_serial_rivers_small_a
D:4:      layout_gridville, jmf_multi_god_temple2, minmay_temple_entry_glass,
          serial_rivers, chequers_serial_rivers_small_a,
          chequers_serial_rivers_micro_e, chequers_serial_rivers_marsh,
          chequers_serial_rivers_micro_e, chequers_serial_rivers_micro_d,
          guppyfry_early_lair_pool, uniq_pikel
Temple:   hellmonk_temple_two_chambers

Skill      XL: |  1  2  3  4  5 |
---------------+----------------+-----
Axes           | 2 3 4 5 |  5.0
Throwing       | 1 |  1.4
Fighting       | |  3.4
Armour         | |  3.2
Shields        | |  3.2

Action                     |  1- 3 |  4- 6 || total
---------------------------+-------+-------++-------
  Melee: War axe           |    79 |   118 ||   197
  Throw: Javelin           |       |    14 ||    14
    Use: Scroll            |     1 |     9 ||    10
         Potion            |     1 |     1 ||     2
   Stab: Distracted        |       |     1 ||     1
 Armour: Scale mail        |    53 |    75 ||   128
  Dodge: Dodged            |    52 |    69 ||   121
  Block: Buckler           |    17 |    21 ||    38

Table legend:
 A = Non-vault XP
 B = Vault XP
 C = Vault XP percentage of total XP
 D = Non-vault monster count
 E = Vault monster count
 F = Vault count percentage of total count
                 A         B        C        D         E       F
            +---------+---------+-------+---------+---------+-------
      Total |     212 |      97 |  31.4 |      58 |      21 |  26.6
            +---------+---------+-------+---------+---------+-------
        D:1 |      18 |       5 |  21.7 |      11 |       3 |  21.4
        D:2 |      53 |      79 |  59.8 |      18 |      17 |  48.6
        D:3 |      85 |       0 |   0.0 |      19 |       0 |   0.0
        D:4 |      56 |      13 |  18.8 |      10 |       1 |   9.1
            +---------+---------+-------+---------+---------+-------
